 Dungeon Crawl Stone Soup version 0.20.0-15-g7f486f2 (webtiles) character file.

73 roflturtle the Chiller (level 3, -2/29 HPs)
             Began as a Demigod Ice Elementalist on June 19, 2017.
             Slain by a gnoll
             ... wielding a +0 whip
              (8 damage)
             ... on level 3 of the Dungeon.
             The game lasted 00:12:46 (2008 turns).

roflturtle the Chiller (Demigod Ice Elementalist)   Turns: 2008, Time: 00:12:47

Health: -2/29      AC:  2    Str: 11    XL:     3   Next: 83%
Magic:  2/8        EV: 13    Int: 21    God:
Gold:   175        SH:  0    Dex: 16    Spells: 3/6 levels left

rFire    . . .     SeeInvis .   i - +0 short sword
rCold    . . .     Gourm    .   (no shield)
rNeg     . . .     Faith    .   a - +0 robe
rPois    .         Spirit   .   (no helmet)
rElec    .         Reflect  .   (no cloak)
rCorr    .         Harm     .   (no gloves)
MR       .....                  (no boots)
Stlth    ++........             (no amulet)
Regen    0.1/turn               (no ring)
MPRegen  0.2/turn               (no ring)

@: no status effects
A: high mp 1
a: no special abilities


You were on level 3 of the Dungeon.
You were hungry.

You visited 1 branch of the dungeon, and saw 3 of its levels.

You collected 175 gold pieces.

Inventory:

Hand Weapons
 i - a +0 short sword (weapon)
Armour
 a - a +0 robe (worn)
Jewellery
 h - a cursed ring of loudness {unknown}
 n - a cursed amulet of inaccuracy {unknown}
 p - an uncursed amulet of harm {unknown}
Wands
 m - a wand of digging (12/24)
Scrolls
 e - a scroll of enchant armour {unknown}
 g - 6 scrolls of identify {unknown}
 j - 3 scrolls of remove curse {unknown}
 q - 2 scrolls of recharging {unknown}
Potions
 d - 2 potions of heal wounds {unknown}
 f - 2 potions of brilliance {unknown}
 k - 5 potions of curing {unknown}
 l - 2 potions of magic {unknown}
 o - a potion of haste {unknown}
Books
 b - a book of Frost

   Spells                             Type                      Level
   a - Freeze                         Ice                          1
   b - Throw Frost                    Conjuration/Ice              2
   c - Ozocubu's Armour               Charms/Ice                   3
   d - Throw Icicle                   Conjuration/Ice              4
   e - Summon Ice Beast               Ice/Summoning                4
Comestibles
 c - 3 bread rations


   Skills:
 - Level 2.0 Fighting
 + Level 0.1 Short Blades
 - Level 2.0 Dodging
 - Level 1.7 Stealth
 - Level 2.0 Spellcasting
 - Level 2.0 Conjurations
 - Level 3.0 Ice Magic


You had 3 spell levels left.
You knew the following spells:

 Your Spells              Type           Power        Failure   Level  Hunger
a - Freeze                Ice            ##..         4%          1    #......
b - Throw Frost           Conj/Ice       ##....       8%          2    ##.....


Dungeon Overview and Level Annotations

Branches:
Dungeon (3/15)


Innate Abilities, Weirdness & Mutations

You have an increased reservoir of magic. (+10% MP)


Message History

You kill the hobgoblin!
Casting: Freeze
Confirm with . or Enter, or press ? or * to list all spells.
Aiming: Freeze
Press: ? - help, Shift-Dir - straight line, f - kobold
Aim: a kobold You freeze the kobold.
The kobold is moderately wounded.
The kobold hits you.
The gnoll hits you from afar with a spear.
* * * LOW HITPOINT WARNING * * *
You see here a scroll labeled EPEIFUALIO.
There is an open door here.
The gnoll shouts!
A gnoll comes into view. It is wielding a spear.
A gnoll comes into view. It is wielding a flail.
The gnoll shouts!
There is a stone staircase leading down here.
The gnoll hits you with a whip!
You die...

#. .##.. #. ....... .. #.
.. ..... ## . #. ##.# #.#.#
## + #.#' ##. ##...
#.#.#..###. #..###..
....... ...#......###.....#
##..#.###..#.........).(..#
......................#####
##.#.#.#.@................
#.....#Kg#..####.#.######
#####.#.#.#g.#.......#.#
#..)..#'#..............#
#.###....o...#...#######
#.# #..........g.# #o#
#.......###)g# #.#
#..........).# #.#
#..............#


You could see 2 gnolls, an orc and a kobold.

Vanquished Creatures
  2 adders (D:2)
  4 leopard geckos
  3 orcs (D:3)
  4 bats
  A giant cockroach (D:1)
  4 goblins
  6 hobgoblins
  2 jackals (D:3)
  3 quokkas
  2 frilled lizards
  6 kobolds
  9 rats
46 creatures vanquished.

Notes
Turn   | Place    | Note
-------+----------+-------------------------------------------
     0 | D:1      | roflturtle the Demigod Ice Elementalist began the quest for the Orb.
     0 | D:1      | Reached XP level 1. HP: 14/14 MP: 5/5
   535 | D:1      | Reached skill level 3 in Ice Magic
   535 | D:1      | Reached XP level 2. HP: 20/20 MP: 7/7
   543 | D:1      | Learned a level 2 spell: Throw Frost
   580 | D:1      | Reached skill level 1 in Conjurations
  1167 | D:2      | Reached XP level 3. HP: 26/26 MP: 2/8
  1290 | D:2      | Reached skill level 1 in Fighting
  2008 | D:3      | Slain by a gnoll

Skill      XL: |  1  2  3 |
---------------+----------+-----
Spellcasting   | 2 |  2.0
Dodging        | 2 |  2.0
Ice Magic      | 3 |  3.0
Conjurations   | 2 |  2.0
Fighting       | 2 |  2.0
Short Blades   | |  0.1
Stealth        | |  1.7

Action                   || total
-------------------------++-------
Melee: Unarmed           ||    25
       Short sword       ||    45
 Cast: Freeze            ||    36
       Throw Frost       ||    16
 Stab: Sleeping          ||     5
  Eat: Chunk             ||     4
Armor: Robe              ||     6
Dodge: Dodged            ||    65
